 Dungeon Crawl Stone Soup version 0.24.0-2-g5b39cebb1c (webtiles) character file.

Game seed: 17584570759289598551, levelgen mode: deterministic

6787 Esekla the Carver (level 11, -6/67 HPs)
             Began as an Octopode Abyssal Knight on Oct 30, 2019.
             Was a High Priest of Lugonu.
             Mangled by a killer bee (8 damage)
             ... on level 9 of the Dungeon.
             The game lasted 01:47:15 (15035 turns).

Esekla the Carver (Octopode Abyssal Knight)        Turns: 15035, Time: 01:47:15

Health: -6/67      AC:  1    Str: 12    XL:     11   Next: 5%
Magic:  14/17      EV: 23    Int: 15    God:    Lugonu [*****.]
Gold:   93         SH:  0    Dex: 19    Spells: 11/18 levels left

rFire    . . .     SeeInvis +   a - +2 falchion
rCold    . . .     Gourm    .   (no shield)
rNeg     + + +     Faith    .   (helmet restricted)
rPois    +         Spirit   .   (no amulet)
rElec    .         Reflect  .   g - ring of stealth
rCorr    +         Harm     .   m - ring of poison resistance
MR       .....     NoTele   +   u - ring "Doalax" {-Tele +Fly rN+++ Slay+1 SInv}
Stlth    +++++++...             y - ring of resist corrosion
HPRegen  0.21/turn              (no ring)
MPRegen  0.15/turn              (no ring)
                                (no ring)
                                (no ring)

@: agile, very slightly contaminated
A: almost no armour, stealthy swim, amphibious, 8 rings, constrict 8, camouflage
1, gelatinous body 1
a: Depart the Abyss, Bend Space, Banish, Corrupt, Enter the Abyss, Renounce
Religion, Evoke Flight


You were on level 9 of the Dungeon.
You worshipped Lugonu.
Lugonu was extremely pleased with you.
You were hungry.

You visited 1 branch of the dungeon, and saw 10 of its levels.
You visited the Abyss 1 time.

You collected 637 gold pieces.
You spent 544 gold pieces at shops.

Inventory:

Hand Weapons
 a - a +2 falchion (weapon)
 d - a +1 spear
 s - a +3 dagger
 E - a +2 dagger of protection
 I - a +1 short sword of holy wrath
 J - a cursed +4 dagger of freezing
Missiles
 f - 44 poisoned darts (quivered)
 h - 3 silver javelins
 v - 3 javelins
 C - 16 boomerangs
 H - 2 boomerangs of dispersal
Jewellery
 g - a ring of stealth (left tentacle)
 m - a ring of poison resistance (right tentacle)
 u - the ring "Doalax" (on tentacle) {-Tele +Fly rN+++ Slay+1 SInv}
   (You found it on level 5 of the Dungeon)

   [ring of slaying]

   It affects your accuracy and damage with ranged weapons and melee attacks
   (+1).
   It renders you almost immune to negative energy.
   It lets you see invisible.
   It lets you fly.
   It prevents most forms of teleportation.
 y - a ring of resist corrosion (on tentacle)
Wands
 x - a wand of disintegration (10)
 z - a wand of flame (10)
 A - a wand of random effects (24)
 G - a wand of iceblast (10)
 K - a wand of digging (5)
Scrolls
 e - 4 scrolls of amnesia
 j - a scroll of enchant weapon
 o - 6 scrolls of teleportation
 p - 2 scrolls of remove curse
 r - 2 scrolls of fear
Potions
 c - a potion of mutation {unknown}
 i - 3 potions of lignification
 k - 2 potions of resistance
 l - 4 potions of brilliance
 q - 5 potions of might
 t - 2 potions of haste
 w - a potion of invisibility {unknown}
 D - a potion of flight {unknown}
 F - a potion of agility
Comestibles
 b - 12 rations
 B - 2 chunks of flesh


   Skills:
 - Level 3.0 Fighting
 - Level 5.7(8.6) Short Blades
 + Level 10.0(10.6) Long Blades
 - Level 1.0 Polearms
 + Level 6.8 Dodging
 - Level 7.2 Stealth
 * Level 4.3 Spellcasting
 * Level 4.6 Conjurations
 * Level 4.6 Fire Magic
 + Level 2.2 Invocations


You had 11 spell levels left.
You knew the following spells:

 Your Spells              Type           Power        Failure   Level  Hunger
a - Conjure Flame         Conj/Fire      ###.....     8%          3    ###....
f - Sticky Flame          Conj/Fire      ###.....     26%         4    ####...

Your spell library contained the following spells:

 Spells                   Type           Power        Failure   Level  Hunger
 Flame Tongue             Conj/Fire      ###..        2%          1    None
 Throw Flame              Conj/Fire      ###...       4%          2    ##.....
 Confusing Touch          Hex            #.....       17%         1    None
 Inner Flame              Hex/Fire       ##......     21%         3    ###....
 Confuse                  Hex            #.......     45%         3    ###....
 Gell's Gravitas          Tloc           #.........   45%         3    ###....
 Fireball                 Conj/Fire      ###.......   58%         5    ######.
 Petrify                  Tmut/Erth      #.......     86%         4    ####...
 Metabolic Englaciation   Hex/Ice        #.........   99%         5    ######.
 Yara's Violent Unravell  Hex/Tmut       #.........   99%         5    ######.


Dungeon Overview and Level Annotations

Branches:
Dungeon (10/15)            Temple (0/1) D:4            Lair (0/6) D:10
    Orc (0/2) D:10

Altars:
Ashenzari
Elyvilon
Gozag
Hepliaklqana
Okawaru
Qazlal
Ru
Sif Muna
Vehumet
Xom

Shops:
D:4 **

Annotations:
D:5 2 transporters, theswoord's ghost, novice DsAK
D:8 3 runed translucent doors, Aviak's ghost, novice HOAs


Innate Abilities, Weirdness & Mutations

You cannot wear most types of armour.
You are very stealthy in the water. (Stealth+)
You are amphibious.
You can wear up to eight rings at the same time.
You can use your tentacles to constrict eight enemies at once.
Your skin changes colour to match your surroundings (Stealth+).
Your rubbery body absorbs attacks. (AC +1, EV +1)


Message History

You are poisoned.
The killer bee poisons you!
You completely miss the killer bee. Your grab misses the killer bee.
Your squeeze misses the killer bee.
You feel sick. The killer bee barely misses you.
You closely miss the killer bee. Your grab misses the killer bee.
Your squeeze misses the killer bee. The killer bee stings you!
* * * LOW HITPOINT WARNING * * *
The killer bee stings you.
* * * LOW HITPOINT WARNING * * *
You are lethally poisoned!
The killer bee poisons you!
You feel better. The killer bee stings you!
* * * LOW HITPOINT WARNING * * *
The killer bee stings you!
* * * LOW HITPOINT WARNING * * *
Okay, then.
You feel agile all of a sudden. The killer bee stings you!
You die...

.....# *,,,,,,,,* **#.....#
.....#*####*#...yy.#****,+.<..)##
.....#.....,+....y.#,,,,,#..><.#.
...<...#****#....y.*,****#.....+.
.....### #.....,+,* #.....##
###### #....,,*** ###'### ##
#...,,,* #.# .#### *#y####* #.##
.#..# #yy@.# #..# _##.##
#########'## ##.#
.#...####..........# #######+###
.#...##.'..........####.........#
##...##.#..........'.รท'.........#
........#..........####.........#
.....####..........# #.........#
.....# #..........# ###########
.....# ###'########


You could see 3 killer bees.

Vanquished Creatures
  Grinder (D:5)
  2 hippogriffs
  Sigmund (D:2)
  6 yaks (D:9)
  A wyvern (D:6)
  A hungry ghost (D:7)
  2 porcupines (D:9)
  2 sky beasts (D:6)
  2 black bears
  4 orc warriors
  A phantom (D:4)
  A necrophage (D:8)
  2 ice beasts
  8 ogres
  4 centaurs
  4 crocodiles
  A big kobold (D:6)
  5 bullfrogs
  5 scorpions
  6 killer bees
  A howler monkey (D:5)
  6 wights
  2 crimson imps
  A bullfrog zombie (D:7)
  2 centaur skeletons
  2 hounds
  5 orc priests
  6 orc wizards
  3 iguanas
  Jessica (D:9)
  6 worker ants
  A killer bee zombie (D:8)
  A hound zombie (D:6)
  A worker ant zombie (D:6)
  5 gnolls
  12 adders
  2 oozes
  2 adder skeletons
  6 worms
  A dart slug (D:2)
  5 leopard geckos
  39 orcs
  9 bats
  4 giant cockroaches
  10 goblins
  10 hobgoblins
  23 jackals
  3 quokkas
  2 ball pythons
  6 frilled lizards
  A giant cockroach zombie (D:6)
  11 kobolds
  A leopard gecko skeleton (D:4)
  5 rats
  6 bushes (D:6)
  A plant (D:10)
261 creatures vanquished.

Notes
Turn   | Place    | Note
-------+----------+-------------------------------------------
     0 | Abyss:1  | Esekla the Octopode Abyssal Knight began the quest for the
                  | Orb.
     0 | Abyss:1  | Reached XP level 1. HP: 16/16 MP: 2/2
    72 | Abyss:1  | Noticed an ancient zyme
    88 | Abyss:1  | Noticed a wretched star
   117 | Abyss:1  | Noticed a chaos spawn
   136 | Abyss:2  | Noticed a raiju
   136 | Abyss:2  | Noticed a raiju
   141 | Abyss:2  | Noticed a neqoxec
   155 | Abyss:2  | Noticed a fire giant skeleton
   169 | Abyss:3  | Found a corrupted altar of Lugonu.
   177 | Abyss:3  | Noticed a spatial vortex
   178 | Abyss:3  | Noticed a spatial vortex
   233 | Abyss:3  | Noticed a neqoxec
   241 | Abyss:3  | Noticed a large abomination
   245 | Abyss:3  | Noticed a smoke demon
   258 | Abyss:3  | Noticed a fire elemental
   258 | Abyss:3  | Noticed a small abomination
   263 | Abyss:3  | Noticed a quasit
   263 | Abyss:3  | Noticed a spatial vortex
   265 | Abyss:3  | Noticed a spatial vortex
   289 | Abyss:3  | Noticed a quasit
   290 | Abyss:3  | Noticed a starcursed mass
   295 | Abyss:3  | Noticed a large abomination
   297 | Abyss:3  | Noticed a spatial maelstrom
   302 | D:1      | Escaped the Abyss
   446 | D:1      | Reached XP level 2. HP: 21/21 MP: 3/3
   622 | D:1      | Reached * piety under Lugonu
   622 | D:1      | Reached skill level 1 in Short Blades
   656 | D:1      | Reached skill level 1 in Stealth
   943 | D:2      | Reached XP level 3. HP: 26/26 MP: 4/4
  1528 | D:2      | Reached XP level 4. HP: 29/31 MP: 5/5
  1531 | D:2      | Noticed a bullfrog
  1657 | D:4      | Noticed a phantom
  1657 | D:4      | Noticed an ogre
  1865 | D:3      | Reached ** piety under Lugonu
  2320 | D:2      | Noticed Sigmund
  2340 | D:2      | Reached XP level 5. HP: 36/36 MP: 6/6
  2827 | D:2      | Killed Sigmund
  2827 | D:2      | Reached skill level 3 in Long Blades
  2827 | D:2      | Reached skill level 5 in Stealth
  2827 | D:2      | Reached XP level 6. HP: 42/42 MP: 7/7
  3157 | D:4      | Found Luwkat's Assorted Antiques.
  3267 | D:4      | Found a hazy altar of Hepliaklqana.
  3390 | D:4      | Found a shattered altar of Ashenzari.
  3488 | D:4      | Reached XP level 7. HP: 36/46 MP: 8/8
  3493 | D:4      | Reached *** piety under Lugonu
  3650 | D:4      | Found a staircase to the Ecumenical Temple.
  3714 | D:4      | Found a radiant altar of Vehumet.
  4193 | D:5      | Entered Level 5 of the Dungeon
  4198 | D:5      | Got a slimy bronze ring
  4299 | D:5      | Reached skill level 4 in Long Blades
  4502 | D:5      | Identified the ring "Doalax" {-Tele +Fly rN+++ Slay+1 SInv}
                  | (You found it on level 5 of the Dungeon)
  4538 | D:5      | Noticed theswoord's ghost (novice DsAK)
  4553 | D:5      | Found a transporter.
  4629 | D:5      | Noticed Grinder
  4634 | D:5      | Paralysed by Grinder for 6 turns
  4779 | D:4      | Reached skill level 5 in Short Blades
  4831 | D:4      | Found a stormy altar of Qazlal.
  4995 | D:5      | Reached XP level 8. HP: 50/52 MP: 9/9
  5011 | D:5      | Reached skill level 5 in Long Blades
  5183 | D:4      | Found Woxuh's Elemental Accessories.
  6381 | D:5      | Paralysed by Grinder for 7 turns
  6398 | D:5      | Killed Grinder
  6628 | D:6      | Reached skill level 6 in Long Blades
  6656 | D:6      | Found a sacrificial altar of Ru.
  6670 | D:6      | Found a white marble altar of Elyvilon.
  6766 | D:6      | Reached **** piety under Lugonu
  6939 | D:4      | Bought a leatherbound book for 375 gold pieces
  6943 | D:4      | Learned a level 3 spell: Conjure Flame
  6948 | D:4      | Learned a level 4 spell: Sticky Flame
  7306 | D:6      | Noticed a wyvern
  7313 | D:6      | Killed a wyvern
  7313 | D:6      | Reached skill level 1 in Spellcasting
  7313 | D:6      | Reached skill level 1 in Conjurations
  7313 | D:6      | Reached skill level 1 in Fire Magic
  7313 | D:6      | Reached XP level 9. HP: 56/56 MP: 10/10
  8282 | D:7      | Reached skill level 7 in Long Blades
  8796 | D:6      | Reached skill level 5 in Dodging
  8962 | D:7      | Found a shimmering blue altar of Sif Muna.
  9773 | D:8      | Found a runed translucent gate.
  9773 | D:8      | Found a runed translucent gate.
  9775 | D:8      | Found a runed translucent gate.
  9775 | D:8      | Found an opulent altar of Gozag.
  9800 | D:8      | Noticed Aviak's ghost (novice HOAs)
 10247 | D:7      | Reached skill level 8 in Long Blades
 10521 | D:8      | Reached XP level 10. HP: 63/63 MP: 14/14
 10574 | D:8      | Found an iron altar of Okawaru.
 11177 | D:9      | Noticed a five-headed hydra
 11345 | D:4      | Bought a lumpy red potion for 22 gold pieces
 11345 | D:4      | Bought a sedimented golden potion for 22 gold pieces
 11345 | D:4      | Bought a notched glass ring for 125 gold pieces
 11396 | D:5      | Found a transporter.
 11617 | D:9      | Noticed Jessica
 11624 | D:9      | Killed Jessica
 11627 | D:9      | Found a shimmering blue altar of Sif Muna.
 11635 | D:10     | Entered Level 10 of the Dungeon
 11635 | D:10     | Found a staircase to the Orcish Mines.
 11661 | D:10     | Reached skill level 9 in Long Blades
 12630 | D:10     | Found a staircase to the Lair.
 13798 | D:10     | Reached ***** piety under Lugonu
 14473 | D:9      | Reached skill level 1 in Polearms
 14625 | D:9      | Reached XP level 11. HP: 22/67 MP: 3/17
 14856 | D:9      | Reached skill level 10 in Long Blades
 14877 | D:9      | Found a shimmering altar of Xom.
 15034 | D:9      | HP: 2/67 [killer bee (9)]
 15035 | D:9      | Mangled by a killer bee

Levels and vault maps discovered:
D:1:      lemuel_arrival_hallway, layout_loops_cross, minmay_misc_feat_five,
          solitary_fountain
D:2:      layout_rooms, first_ration, uniq_sigmund
D:3:      layout_basic
D:4:      layout_rooms, old_standard_altar, old_standard_altar,
          vehumet_crystals, kennysheep_little_box,
          minmay_temple_entry_steel_oval, serial_shops, shop,
          hangedman_decor_clover_reticule, nicolae_elemental_shop
D:5:      layout_gridville, gammafunk_ghost_smash, uniq_grinder
D:6:      layout_loops_corners, old_standard_altar, overflow_temple_1_default,
          lexackson_kobold_supper
D:7:      layout_basic, basic_altar, serial_curves, eino_curves_02,
          eino_curves_02
D:8:      layout_gridville, ebering_ghost_gozag, grunt_ogre_cave,
          minmay_misc_feat_four_crosses, okawaru_altar_gauntlet_db
D:9:      layout_roguey, cheibriados_altar_1, tgw_sif,
          lemuel_coloured_pillars_altar
D:10:     layout_rooms, minmay_lair_entry_grove, david_orc_2

Skill      XL: |  1  2  3  4  5  6  7  8  9 10 11 |
---------------+----------------------------------+-----
Short Blades   | 1 2 3 4 5 |  5.7
Stealth        | 1 2 3 5 6 7 |  7.2
Dodging        | 3 4 5 6 |  6.8
Long Blades    | 3 4 6 8 9 10 | 10.0
Spellcasting   | 1 2 4 |  4.3
Conjurations   | 1 2 4 |  4.6
Fire Magic     | 1 3 4 |  4.6
Polearms       | 1 |  1.0
Fighting       | |  3.0
Invocations    | |  2.2

Action                   |  1- 3 |  4- 6 |  7- 9 | 10-12 || total
-------------------------+-------+-------+-------+-------++-------
Melee: Dagger            |    38 |    41 |    46 |    31 ||   156
       Falchion          |    29 |    50 |   589 |   176 ||   844
       Constrict         |    14 |    25 |    51 |    34 ||   124
       Tentacles         |     6 |    14 |   173 |    53 ||   246
       Trident           |       |       |    16 |       ||    16
       Spear             |       |       |       |    46 ||    46
Throw: Dart              |       |       |    26 |    61 ||    87
       Javelin           |       |       |     7 |       ||     7
       Boomerang         |       |       |     6 |       ||     6
 Cast: Conjure Flame     |       |       |     5 |    12 ||    17
       Sticky Flame      |       |       |       |     4 ||     4
Invok: Depart the Abyss  |     1 |       |       |       ||     1
       Bend Space        |       |       |     5 |     2 ||     7
  Use: Scroll            |       |     6 |     2 |    11 ||    19
       Potion            |       |       |     1 |     7 ||     8
 Stab: Sleeping          |    13 |    11 |    17 |    16 ||    57
       Distracted        |       |     1 |     1 |     3 ||     5
  Eat: Ration            |       |     1 |     4 |     1 ||     6
       Chunk             |       |     4 |    11 |    13 ||    28
Armor: Skin              |     5 |     6 |     6 |     6 ||    23
Dodge: Dodged            |    36 |    52 |   156 |   162 ||   406
       Rpst.: Falchion   |     7 |     8 |    39 |    48 ||   102
